 Dungeon Sprint DCSS version 0.29-a0-802-g34511f41fd (webtiles) character file.

Game seed: 3942282197993486016

846 mhtbhm the Covert (level 7, -9/28 HPs)
             Began as a Felid Enchanter on July 3, 2022.
             Was a Believer of Dithmenos.
             Mangled by a deep troll (19 damage)
             ... in the Dungeon (Sprint IX: "|||||||||||||||||||||||||||||").
             The game lasted 00:01:27 (702 turns).

mhtbhm the Covert (Felid Enchanter)                  Turns: 702, Time: 00:01:27

Health: -9/28      AC:  2    Str:  6    XL:     7   Next: 68%
Magic:  15/15      EV: 24    Int: 20    God:    Dithmenos [**....]
Gold:   9          SH:  0    Dex: 16    Spells: 16/16 levels left
                                        Lives:  0   Deaths: 2

rFire   . . .      SeeInvis +     - Unarmed
rCold   . . .      Faith    .   (shield unavailable)
rNeg    . . .      Spirit   .   (body armour unavailable)
rPois   .          Reflect  .   (helmet unavailable)
rElec   .          Harm     .   (cloak unavailable)
rCorr   .          Rampage  .   (gloves unavailable)
Will    +....      NoTele   +   (boots unavailable)
Stlth   +++++++...              (no amulet)
HPRegen 0.09/turn               i - +3 ring of intelligence
MPRegen 0.14/turn               j - +2 ring of evasion

@: wreathed by umbra, invisible, quick
A: very small, claws 1, fangs 3, see invisible, speed 1, shaggy fur 2, stealthy
paws, no weapons or thrown items, no armour, multi-lived
a: Renounce Religion, Shadow Step


You were in the Dungeon.
You worshipped Dithmenos.
Dithmenos was pleased with you.
You visited 1 branch You collected 9 gold pieces.

Inventory:

Jewellery
 i - a +3 ring of intelligence (left paw)
 j - a +2 ring of evasion (right paw)
 k - a ring of ice
 l - a ring of protection from cold
 m - a ring of fire
 n - a ring of protection from cold
Wands
 h - a wand of acid (5)
Scrolls
 f - 2 scrolls of amnesia
 g - 2 scrolls of blinking
Potions
 b - 4 potions of curing
 c - 3 potions of heal wounds
 d - a potion of haste
 e - 4 potions of magic


   Skills:
 + Level 1.2 Fighting
 + Level 9.3 Dodging
 + Level 14.9 Stealth
 + Level 8.1 Unarmed Combat
 + Level 5.1 Spellcasting
 + Level 12.1 Hexes
 * Level 7.4 Invocations
 + Level 0.5 Evocations


You had 16 spell levels left.
You didn't know any spells.
Your spell library contained the following spells:

 Spells                   Type           Power      Damage    Failure   Level
 Ensorcelled Hibernation  Hex/Ice        58%        N/A       1%          2
 Confusing Touch          Hex            52%        N/A       1%          3
 Tukima's Dance           Hex            52%        N/A       1%          3
 Dazzling Flash           Conj/Hex       58%        N/A       2%          3


Dungeon Overview and Level Annotations

Branches:
Dungeon (1/1)

Altars:
Cheibriados
Dithmenos
Elyvilon
Fedhas
Gozag
Hepliaklqana
Kikubaaqudgha
Makhleb
Nemelex Xobeh
Okawaru
Qazlal
Ru
Sif Muna
Trog
Uskayaw
Vehumet
Wu Jian
Xom
Yredelemnul
Zin
The Shining One
Jiyva
Lugonu

Shops:
D [


Innate Abilities, Weirdness & Mutations

You have sharp claws.
You have razor-sharp teeth.
You have supernaturally acute eyesight. (SInv)
You cover ground quickly. (Speed+)
You are covered in thick fur. (AC +2)
Your paws help you pounce on unaware monsters.
You are incapable of wielding weapons or throwing items.
You cannot wear armour.
You gain extra lives every three experience levels.


Message History

Aim: a deep troll (lightly wounded, umbra, 71% to hit)
The bolt of acid hits the deep troll!!
The acid corrodes the deep troll!
The deep troll is heavily wounded.
The bolt of acid hits the deep troll!
The deep troll is severely wounded.
The bolt of acid hits the troll!
The troll seems to be corroded for longer.
You kill the troll!
Dithmenos accepts your kill.
The troll leather armour is intact enough to wear.
The bolt of acid hits the ogre mage!!
The ogre mage seems to be corroded for longer.
The ogre mage is severely wounded.
The bolt of acid hits the deep troll!
The acid corrodes the deep troll!
The deep troll is heavily wounded.
The deep troll barely misses you. The deep troll closely misses you.
The deep troll barely misses you.
The ogre mage casts a spell.
The ogre mage flickers and vanishes for a moment.
Your Fighting skill increases to level 1!
Your Unarmed Combat skill increases to level 8!
Unknown command.
Aiming: Corrosive Bolt
Press: ? - help, Shift-Dir - straight line, f/p - deep troll
Aim: a deep troll (heavily wounded, covered in acid, umbra, 71% to hit)
The bolt of acid hits the deep troll!
The deep troll is severely wounded.
The bolt of acid hits the deep troll!
The deep troll seems to be corroded for longer.
The deep troll is almost dead.
The bolt of acid hits the ogre mage!
The ogre mage seems to be corroded for longer.
The ogre mage is severely wounded.
The bolt of acid hits the deep troll!
The deep troll seems to be corroded for longer.
The deep troll is severely wounded.
The deep troll completely misses you. The deep troll closely misses you.
The deep troll claws you!!
Ouch! That really hurt!
You die...

▓▓▓▓▓▓▓▓▓▓▓▓▓▓▓▓▓▓▓▓▓▓▓▓▓
▓........................
▓.▓▓▓▓▓▓▓▓▓▓▓▓▓▓▓▓▓▓▓▓▓▓▓
▓.......@TTOT$O$∩$
▓▓▓▓▓▓▓▓▓▓▓▓▓▓▓▓▓▓▓▓▓▓▓▓▓
▓........................
▓.▓▓▓▓▓▓▓▓▓▓▓▓▓▓▓▓▓▓▓▓▓▓▓
▓....'..[[[[..'!)!!†hhhh.
▓▓▓▓▓▓▓▓▓▓▓▓▓▓▓▓▓▓▓▓▓▓▓▓▓
▓▓▓▓▓▓▓▓▓▓▓▓▓▓▓
+DVyoz.†..[[[.)


You could see 2 ogre magi and 3 deep trolls.

Vanquished Creatures
  Sonja (D)
  A troll (D)
  A polar bear (D)
  A wyvern (D)
  3 black bears (D)
  A phantom (D)
  A jelly (D)
  An adder (D)
  A worm (D)
  An orc (D)
  An endoplasm (D)
  A giant cockroach (D)
  A hobgoblin (D)
  A quokka (D)
  A rat (D)
17 creatures vanquished.

Notes
Turn   | Place    | Note
-------+----------+-------------------------------------------
     0 | D        | mhtbhm the Felid Enchanter began the quest for the Orb.
     0 | D        | Reached XP level 1. HP: 7/7 MP: 4/4
     8 | D        | Reached skill level 5 in Hexes
    20 | D        | Reached skill level 5 in Stealth
   204 | D        | Noticed a phantom
   204 | D        | Noticed a jelly
   209 | D        | Reached XP level 2. HP: 11/11 MP: 4/6
   211 | D        | Reached skill level 6 in Stealth
   211 | D        | Reached XP level 3. HP: 14/14 MP: 4/8
   215 | D        | Reached skill level 7 in Stealth
   221 | D        | Killed a phantom
   222 | D        | Reached skill level 5 in Dodging
   222 | D        | Reached skill level 8 in Stealth
   222 | D        | Reached XP level 4. HP: 18/18 MP: 4/10
   227 | D        | Found a snail-covered altar of Cheibriados.
   227 | D        | Found a shadowy altar of Dithmenos.
   227 | D        | Found a white marble altar of Elyvilon.
   227 | D        | Found a blossoming altar of Fedhas.
   227 | D        | Found an opulent altar of Gozag.
   228 | D        | Found a hazy altar of Hepliaklqana.
   229 | D        | Found a viscous altar of Jiyva.
   255 | D        | Found an ancient bone altar of Kikubaaqudgha.
   256 | D        | Found a corrupted altar of Lugonu.
   257 | D        | Became a worshipper of Dithmenos the Shadowed
   258 | D        | Found a burning altar of Makhleb.
   259 | D        | Found a sparkling altar of Nemelex Xobeh.
   260 | D        | Found an iron altar of Okawaru.
   261 | D        | Found a stormy altar of Qazlal.
   262 | D        | Found a sacrificial altar of Ru.
   263 | D        | Found a shimmering blue altar of Sif Muna.
   264 | D        | Found a bloodstained altar of Trog.
   265 | D        | Found a hide-covered altar of Uskayaw.
   266 | D        | Found a radiant altar of Vehumet.
   267 | D        | Found an ornate altar of the Wu Jian Council.
   268 | D        | Found a shimmering altar of Xom.
   269 | D        | Found a basalt altar of Yredelemnul.
   270 | D        | Found a glowing silver altar of Zin.
   271 | D        | Found a glowing golden altar of the Shining One.
   396 | D        | Noticed an acid dragon
   396 | D        | Noticed a vampire
   396 | D        | Noticed a vampire mosquito
   396 | D        | Noticed a wyvern
   400 | D        | Killed a wyvern
   400 | D        | Mangled by a wight
   401 | D        | Reached XP level 3. HP: -7/14 MP: 9/9
   401 | D        | Reached skill level 10 in Stealth
   401 | D        | Reached XP level 4. HP: 18/18 MP: 11/11
   401 | D        | Reached XP level 5. HP: 21/21 MP: 12/12
   412 | D        | Noticed Sonja
   419 | D        | Killed Sonja
   420 | D        | Reached skill level 13 in Stealth
   420 | D        | Reached skill level 5 in Spellcasting
   420 | D        | Gained mutation: You are covered in thick fur. (AC +2)
                  | [Felid growth]
   420 | D        | Reached XP level 6. HP: 25/25 MP: 12/14
   420 | D        | Reached XP level 7. HP: 28/28 MP: 12/15
   469 | D        | Noticed a polar bear
   475 | D        | Noticed a polar bear
   486 | D        | Killed a polar bear
   486 | D        | Reached * piety under Dithmenos
   490 | D        | Reached XP level 8. HP: 18/31 MP: 16/16
   490 | D        | Noticed a polar bear
   491 | D        | Reached skill level 14 in Stealth
   497 | D        | Reached ** piety under Dithmenos
   507 | D        | Mangled by a polar bear
   508 | D        | Reached XP level 7. HP: -12/28 MP: 15/15
   692 | D        | Found Kesk's Antique Armour Shop.
   692 | D        | Noticed a deep troll
   692 | D        | Noticed a troll
   692 | D        | Noticed a deep troll
   692 | D        | Noticed an ogre mage
   692 | D        | Noticed a deep troll
   693 | D        | Noticed an ogre mage
   701 | D        | Killed a troll
   702 | D        | Reached skill level 1 in Fighting
   702 | D        | Mangled by a deep troll

Illustrated notes

Levels and vault maps discovered:
D:        linesprint [early_d, line_temple, items_1, d_10, items_2, lair_1,
          lair_end, items_3, orc_1, orc_end, items_4, d_15, swamp_1, shoals_1,
          snake_1, spider_1, d_20, vaults_1, items_5, swamp_end, shoals_end,
          snake_end, spider_end, vaults_end, d_27, items_6, zot_1, zot_end,
          crypt_end, forest_end, elf_end, slime_end, tomb_end, abyss_end,
          pan_hell_end]

Skill      XL: |  1  2  3  4  5  6  7  8 |
---------------+-------------------------+-----
Hexes          | 5 6 9 11 12 | 12.1
Stealth        | 5 6 10 13 14 | 14.9
Dodging        | 3 6 8 9 |  9.3
Unarmed Combat | 2 4 6 8 |  8.1
Spellcasting   | 3 4 5 |  5.1
Invocations    | 3 6 7 |  7.4
Fighting       | 1 |  1.2
Evocations     | |  0.5

Action                   |  1- 3 |  4- 6 |  7- 9 || total
-------------------------+-------+-------+-------++-------
Melee: Unarmed           |    33 |     3 |    32 ||    68
       Bite              |     2 |     1 |     5 ||     8
       Punch             |     1 |       |     5 ||     6
Evoke: Wand              |       |       |     5 ||     5
  Use: Potion            |     2 |     1 |     2 ||     5
 Stab: Sleeping          |     3 |     2 |       ||     5
       Invisible         |       |     1 |     6 ||     7
Armor: Skin              |     1 |       |       ||     1
Dodge: Dodged            |    13 |     4 |    63 ||    80

Table legend: (Time is in decaauts)
 A = Elapsed time spent in this place.
 B = Non-inter-level travel time spent in this place.
 C = Inter-level travel time spent in this place.
 D = Time resting spent in this place.
 E = Time spent auto-exploring this place.
 F = Levels seen in this place.
 G = Mean time per level.
                   A        B        C        D        E       F      G
               +--------+--------+--------+--------+--------+-----+--------+
         Total |    642 |    642 |      0 |    307 |     59 |   1 |  642.0 |
       Dungeon |    642 |    642 |      0 |    307 |     59 |   1 |  642.0 |
               +--------+--------+--------+--------+--------+-----+--------+

Top non-repeatable levels by time:
       D: 642 daAuts
